 Dungeon Crawl Stone Soup version 0.20.1-1-g8b1a95d (webtiles) character file.

183 slep the Skirmisher (level 5, -2/44 HPs)
             Began as a Demonspawn Wanderer on Oct 22, 2017.
             Succumbed to SFR's ghost's poison
             ... on level 4 of the Dungeon.
             The game lasted 00:16:56 (2493 turns).

slep the Skirmisher (Demonspawn Wanderer)           Turns: 2493, Time: 00:16:57

Health: -2/44      AC:  9    Str: 12    XL:     5   Next: 35%
Magic:  5/5        EV: 13    Int: 14    God:
Gold:   143        SH:  4    Dex: 18    Spells: 4/4 levels left

rFire    . . .     SeeInvis .   b - +0 spear
rCold    . . .     Gourm    .   p - +0 buckler
rNeg     . . .     Faith    .   a - +2 scale mail
rPois    .         Spirit   .   m - +0 helmet
rElec    .         Reflect  .   (no cloak)
rCorr    .         Harm     .   (no gloves)
MR       .....                  (no boots)
Stlth    +.........             e - amulet of regeneration
Regen    0.6/turn               (no ring)
MPRegen  0.1/turn               (no ring)

@: agile, lethally poisoned (-2 -> -25)
A: claws 2, powered by pain 1
a: no special abilities


You were on level 4 of the Dungeon.
You were hungry.

You visited 1 branch of the dungeon, and saw 4 of its levels.

You collected 143 gold pieces.

Inventory:

Hand Weapons
 b - a +0 spear (weapon)
 d - a +0 blowgun
 k - a cursed -3 short sword
 n - a +0 falchion
Missiles
 c - 16 poisoned needles
 s - 5 curare-tipped needles
Armour
 a - a +2 scale mail (worn)
 m - a +0 helmet (worn)
 p - a +0 buckler (worn)
Jewellery
 e - an amulet of regeneration (around neck)
Scrolls
 h - 5 scrolls of identify {unknown}
 l - a scroll of enchant armour {unknown}
 o - a scroll of amnesia {unknown}
Potions
 q - a potion of degeneration {unknown}
Comestibles
 f - 2 bread rations
 i - 2 fruits
 j - 2 meat rations
 r - a royal jelly
 t - 4 chunks of flesh


   Skills:
 + Level 5.1 Fighting
   Level 1.0(2.0) Axes
 + Level 2.6(2.8) Polearms
 + Level 1.0 Throwing
 + Level 3.0 Armour
 + Level 0.6 Dodging
 + Level 0.6 Stealth
 + Level 1.0 Shields


You had 4 spell levels left.
You didn't know any spells.

Dungeon Overview and Level Annotations

Branches:
Dungeon (4/15)
 Temple: D:4-7

Altars:

Annotations:
D:4 SFR's ghost, novice OgWz


Innate Abilities, Weirdness & Mutations

You have very sharp fingernails.
You sometimes gain a little power by taking damage.


Message History

SFR's ghost is lightly damaged.
You feel sick. The crimson imp barely misses you. SFR's ghost hits you.
* * * LOW HITPOINT WARNING * * *
You are lethally poisoned!
You hit SFR's ghost.
SFR's ghost is lightly damaged.
* * * LOW HITPOINT WARNING * * *
You feel sick. The crimson imp barely misses you. The crimson imp hits you.
* * * LOW HITPOINT WARNING * * *
You hit SFR's ghost but do no damage.
SFR's ghost is lightly damaged.
* * * LOW HITPOINT WARNING * * *
You feel sick. SFR's ghost hits you!
* * * LOW HITPOINT WARNING * * *
You are more poisoned.
You block the crimson imp's attack.
The crimson imp hits you but does no damage.
It was a potion of agility.
You feel agile all of a sudden.
You die...

## ## .. ...
#.####....
##....#.#..
...)......
#.......##
##55W......
#..@# ##.#.# #
######....#.#
#.............#
#.......##.####
####...... ##.#
........###..#
#......##..##
#......##.##


You could see SFR's ghost and 2 crimson imps.

Vanquished Creatures
  The ghost of Zdeegee the Charmwright, a weakling BaSk (D:3)
  An orc wizard (D:3)
  2 adders
  An ooze (D:3)
  2 worms (D:2)
  4 dart slugs
  2 leopard geckos
  6 orcs
  6 bats
  3 giant cockroaches
  6 goblins
  7 hobgoblins
  4 jackals
  14 kobolds
  2 quokkas
  A ball python (D:1)
  6 frilled lizards
  7 rats
75 creatures vanquished.

Notes
Turn   | Place    | Note
-------+----------+-------------------------------------------
     0 | D:1      | slep the Demonspawn Wanderer began the quest for the Orb.
     0 | D:1      | slep set off with: a +2 scale mail, a +0 spear, 11 poisoned needles, a +0 blowgun, a bread ration
     0 | D:1      | Reached XP level 1. HP: 19/19 MP: 1/1
   134 | D:1      | Gained mutation: You sometimes gain a little power by taking damage. [demonic ancestry]
   134 | D:1      | Reached XP level 2. HP: 23/26 MP: 2/2
   392 | D:1      | Reached XP level 3. HP: 32/32 MP: 3/3
  1356 | D:3      | Gained mutation: You have sharp fingernails. [demonic ancestry]
  1356 | D:3      | Reached XP level 4. HP: 38/38 MP: 4/4
  1865 | D:3      | Noticed Zdeegee's ghost (weakling BaSk)
  1890 | D:3      | Killed Zdeegee's ghost
  1890 | D:3      | Reached skill level 5 in Fighting
  1890 | D:3      | Gained mutation: You have very sharp fingernails. [demonic ancestry]
  1890 | D:3      | Reached XP level 5. HP: 4/44 MP: 5/5
  2478 | D:4      | Noticed SFR's ghost (novice OgWz)
  2492 | D:4      | HP: 1/44 [SFR's ghost (8)]
  2493 | D:4      | Succumbed to SFR's ghost's poison

Skill      XL: |  1  2  3  4  5 |
---------------+----------------+-----
Armour         | 2 3 |  3.0
Polearms       | 2 |  2.6
Fighting       | 5 |  5.1
Axes           | |  1.0
Throwing       | |  1.0
Dodging        | |  0.6
Stealth        | |  0.6
Shields        | |  1.0

Action                   |  1- 3 |  4- 6 || total
-------------------------+-------+-------++-------
Melee: Spear             |   181 |   199 ||   380
  Use: Potion            |     3 |     1 ||     4
 Stab: Invisible         |     2 |       ||     2
  Eat: Chunk             |     2 |     3 ||     5
Armor: Scale mail        |    79 |    85 ||   164
Dodge: Dodged            |    82 |    68 ||   150
Block: Buckler           |       |    25 ||    25
